 Dungeon Crawl Stone Soup version 0.28-a0-697-g47f3eba078 (webtiles) character file.

Game seed: 14314271415412775431

11 RepHenryClay the Sneak (level 2, -1/22 HPs)
             Began as a Naga Hedge Wizard on Oct 23, 2021.
             Slain by an adder (3 damage)
             ... on level 2 of the Dungeon.
             The game lasted 00:01:05 (354 turns).

RepHenryClay the Sneak (Naga Hedge Wizard)           Turns: 354, Time: 00:01:06

Health: -1/22      AC:  1    Str: 12    XL:     2   Next: 25%
Magic:  0/6        EV: 10    Int: 14    God:
Gold:   11         SH:  0    Dex: 10    Spells: 6/7 levels left

rFire   . . .      SeeInvis +   a - +0 dagger
rCold   . . .      Faith    .   (no shield)
rNeg    . . .      Spirit   .   b - +0 robe
rPois   +          Reflect  .   c - +0 hat
rElec   .          Harm     .   (no cloak)
rCorr   .          Rampage  .   (no gloves)
Will    .....                   (no barding)
Stlth   ++........              (no amulet)
HPRegen 0.07/turn               (no ring)
MPRegen 0.10/turn               (no ring)

@: short of breath, very slightly contaminated, very slow
A: AC +0, large, see invisible, deformed body, poison resistance, slowness 2,
spit poison 1, naga tail 1
a: Spit Poison


You were on level 2 of the Dungeon.
You visited 1 branch of the dungeon, and saw 2 of its levels.

You collected 11 gold pieces.

Inventory:

Hand Weapons
 a - a +0 dagger (weapon)
Missiles
 f - 7 poisoned darts
Armour
 b - a +0 robe (worn)
 c - a +0 hat (worn)
Scrolls
 e - 4 scrolls of identify {unknown}
 g - a scroll of noise {unknown}
Potions
 d - a potion of magic {unknown}


   Skills:
 + Level 2.3 Dodging
 - Level 3.0 Stealth
 - Level 3.0 Spellcasting
 - Level 1.0 Conjurations
 - Level 1.0 Summonings
 - Level 1.0 Translocations


You had 6 spell levels left.
You knew the following spells:

 Your Spells              Type           Power      Damage    Failure   Level
a - Magic Dart            Conj           16%        1d3       14%         1

Your spell library contained the following spells:

 Spells                   Type           Power      Damage    Failure   Level
 Blink                    Tloc           N/A        N/A       22%         2
 Call Imp                 Summ           4%         N/A       22%         2
 Slow                     Hex            2%         N/A       32%         2
 Conjure Flame            Conj/Fire      3%         6-21      45%         3
 Mephitic Cloud           Conj/Pois/Air  3%         N/A       50%         3


Dungeon Overview and Level Annotations

Branches:
Dungeon (1/15)

Altars:


Innate Abilities, Weirdness & Mutations

Your serpentine skin is tough. (AC +0)
You have supernaturally acute eyesight. (SInv)
Armour fits poorly on your strangely shaped body.
Your system is resistant to poisons. (rPois)
You cover ground very slowly.
You can spit poison.
You have a snake-like lower body.


Message History

The quokka barely misses you. The adder bites you.
The giant cockroach bites you. The quokka bites you.
Huge Dmg: -41%(-9hp) hp: 50%(11hp)
Press: ? - help, Shift-Dir - straight line, f/p - adder
Aim: an adder (severely wounded)
The splash of poison hits the adder.
The adder is almost dead.
The adder bites you. The giant cockroach closely misses you.
The quokka barely misses you. The adder closely misses you.
Damage: -4%(-1hp) hp: 46%(10hp)
Casting: Magic Dart (safe; 14% risk of failure)
Confirm with . or Enter, or press ? or * to list all spells.
Aiming: Magic Dart (safe; 14% risk of failure)
Press: ? - help, Shift-Dir - straight line, f/p - adder
Aim: an adder (almost dead, 100% to hit)
The magic dart hits the adder but does no damage.
The adder is almost dead.
The giant cockroach barely misses you. The quokka barely misses you.
The adder bites you.
Damage: -5%(-1hp) hp: 41%(9hp)
Casting: Magic Dart (safe; 14% risk of failure)
Confirm with . or Enter, or press ? or * to list all spells.
Aiming: Magic Dart (safe; 14% risk of failure)
Press: ? - help, Shift-Dir - straight line, f/p - adder
Aim: an adder (almost dead, 100% to hit)
You miscast Magic Dart.
You are very lightly contaminated with residual magic.
Nothing appears to happen.
The giant cockroach barely misses you. The adder bites you.
* * * LOW HITPOINT WARNING * * *
The quokka completely misses you.
Damage: -4%(-1hp) hp: 37%(8hp)
You barely miss the adder.
The adder is severely wounded.
The giant cockroach barely misses you. The adder bites you.
* * * LOW HITPOINT WARNING * * *
The quokka bites you.
* * * LOW HITPOINT WARNING * * *
The giant cockroach closely misses you. The adder bites you.
You die...

.. .# .#
##.# #
#..#
###.##..#
#.!.(SB.#
##@##
#.#r..##
#......#
#........#
##.....###
##...##
##.## #.#
#.#


You could see an adder, a quokka and a giant cockroach.

Vanquished Creatures
  A dart slug (D:1)
  2 bats (D:1)
  2 endoplasms (D:1)
  A giant cockroach (D:1)
  A hobgoblin (D:1)
  A rat (D:1)
8 creatures vanquished.

Notes
Turn   | Place    | Note
-------+----------+-------------------------------------------
     0 | D:1      | RepHenryClay the Naga Hedge Wizard began the quest for the
                  | Orb.
     0 | D:1      | Reached XP level 1. HP: 15/15 MP: 4/4
    94 | D:1      | Found a faded altar of an unknown god.
   249 | D:1      | Reached XP level 2. HP: 22/22 MP: 6/6
   344 | D:1      | You fall into a shaft and drop 1 floor!
   354 | D:2      | Slain by an adder

Illustrated notes

Levels and vault maps discovered:
D:1:      nicolae_arrival_washed_ashore, layout_loops_ring, serial_shops, shop,
          chequers_ecumenical_altar_simple_redux, minmay_splitting_lines
D:2:      layout_loops_ring, serial_shops, nicolae_shop_stone, shop,
          nicolae_lakefront_shop, uniq_natasha

Skill      XL: |  1 |
---------------+----+-----
Dodging        | 2 |  2.3
Stealth        | |  3.0
Spellcasting   | |  3.0
Conjurations   | |  1.0
Summonings     | |  1.0
Translocations | |  1.0

Action                   || total
-------------------------++-------
Melee: Dagger            ||     8
 Cast: Magic Dart        ||     6
 Abil: Spit Poison       ||     9
Armor: Robe              ||     2
Dodge: Dodged            ||    19

Table legend: (Time is in decaauts)
 A = Elapsed time spent in this place.
 B = Non-inter-level travel time spent in this place.
 C = Inter-level travel time spent in this place.
 D = Time resting spent in this place.
 E = Time spent auto-exploring this place.
 F = Levels seen in this place.
 G = Mean time per level.
                   A        B        C        D        E       F      G
               +--------+--------+--------+--------+--------+-----+--------+
         Total |    420 |    420 |      0 |     75 |    262 |   2 |  210.0 |
       Dungeon |    420 |    420 |      0 |     75 |    262 |   2 |  210.0 |
               +--------+--------+--------+--------+--------+-----+--------+

Top non-repeatable levels by time:
     D:1: 410 daAuts
     D:2: 10 daAuts
